 Dungeon Sprint DCSS version 0.22-a0-601-gb0ed703 (webtiles) character file.

258 royokou the Basher (level 5, 0/42 HPs)
             Began as a Minotaur Gladiator on July 6, 2018.
             Slain by a slime creature (12 damage)
             ... in the Dungeon (Sprint I: "Red Sonja").
             The game lasted 00:01:55 (275 turns).

royokou the Basher (Minotaur Gladiator)              Turns: 275, Time: 00:01:55

Health: 0/42       AC:  8    Str: 18    XL:     5   Next: 94%
Magic:  4/4        EV:  8    Int:  5    God:
Gold:   108        SH:  0    Dex: 13    Spells: 4/4 levels left

rFire    . . .     SeeInvis .   a - +0 flail
rCold    . . .     Gourm    .   (no shield)
rNeg     . . .     Faith    .   l - +0 chain mail
rPois    .         Spirit   .   c - +0 hat
rElec    .         Reflect  .   (no cloak)
rCorr    .         Harm     .   (no gloves)
MR       .....     NoTele   +   (no boots)
Stlth    ..........             (no amulet)
HPRegen  0.14/turn              (no ring)
MPRegen  0.09/turn              (no ring)

@: no status effects
A: retaliatory headbutt, horns 2
a: no special abilities


You were in the Dungeon.
You were not hungry.

You visited 1 branch You collected 108 gold pieces.

Inventory:

Hand Weapons
 a - a +0 flail (weapon)
Missiles
 n - a throwing net (quivered)
Armour
 b - a +0 leather armour
 c - a +0 hat (worn)
 l - a +0 chain mail (worn)
Scrolls
 k - a scroll of blinking
Potions
 d - a potion of cancellation {unknown}
 e - a potion of curing
 g - a potion of heal wounds
 h - a potion of haste
 i - 2 potions of magic
 j - a potion of berserk rage
Comestibles
 f - a ration
 m - 4 chunks of flesh


   Skills:
 + Level 2.4 Fighting
 - Level 14.3 Maces & Flails
 - Level 2.0 Throwing
 + Level 3.2 Dodging


You had 4 spell levels left.
You didn't know any spells.
Your spell library was empty.

Dungeon Overview and Level Annotations

Branches:
Dungeon (1/1)

Altars:
Makhleb
Xom
Jiyva
Lugonu


Innate Abilities, Weirdness & Mutations

You reflexively headbutt those who attack you in melee.
You have a pair of horns on your head.


Message History

The slime creature is moderately wounded.
The slime creature barely misses you.
You hit the slime creature but do no damage.
You headbutt the slime creature.
The slime creature is moderately wounded.
The slime creature hits you!!
You hit the slime creature. You headbutt the slime creature.
The slime creature is moderately wounded.
The slime creature hits you but does no damage.
You thump the slime creature!
The slime creature is heavily wounded.
You sock the slime creature!
The slime creature is severely wounded.
The slime creature hits you!
* * * LOW HITPOINT WARNING * * *
You hit the slime creature.
You headbutt the slime creature, but do no damage.
The slime creature is severely wounded.
The slime creature hits you!
You die...

################ ##
#<.#..').#..'..#__#
#..').#..').#@J'..+
#..#####'#####+#__#
#..# #..# ### #..#
#### #..# #⌠⌠# ####


You could see a slime creature.

Vanquished Creatures
  Sigmund (D)
  An ogre (D)
  Ijyb (D)
3 creatures vanquished.

Notes
Turn   | Place    | Note
-------+----------+-------------------------------------------
     0 | D        | royokou the Minotaur Gladiator began the quest for the Orb.
     0 | D        | Reached XP level 1. HP: 18/18 MP: 0/0
     1 | D        | Noticed Ijyb
    16 | D        | Killed Ijyb
    16 | D        | Reached skill level 7 in Maces & Flails
    16 | D        | Reached XP level 2. HP: 8/25 MP: 1/1
   224 | D        | Noticed an ogre
   231 | D        | Killed an ogre
   231 | D        | Reached skill level 11 in Maces & Flails
   231 | D        | Reached XP level 3. HP: 30/30 MP: 2/2
   231 | D        | Reached XP level 4. HP: 37/37 MP: 3/3
   245 | D        | Noticed Sigmund
   253 | D        | Killed Sigmund
   253 | D        | Reached skill level 14 in Maces & Flails
   253 | D        | Reached XP level 5. HP: 39/42 MP: 4/4
   264 | D        | Found a burning altar of Makhleb.
   264 | D        | Found a shimmering altar of Xom.
   264 | D        | Noticed a slime creature
   265 | D        | Found a viscous altar of Jiyva.
   265 | D        | Found a corrupted altar of Lugonu.
   275 | D        | Slain by a slime creature

Vault maps used:
D:        dungeon_sprint_1

Skill      XL: |  1  2  3  4 |
---------------+-------------+-----
Maces & Flails | 7 11 14 | 14.3
Fighting       | |  2.4
Throwing       | |  2.0
Dodging        | |  3.2

Action                   |  1- 3 |  4- 6 || total
-------------------------+-------+-------++-------
Melee: Flail             |    16 |    15 ||    31
       Headbutt          |     5 |     8 ||    13
Throw: Throwing net      |     4 |     1 ||     5
 Stab: Held in net/web   |     1 |       ||     1
Armor: Leather armour    |     1 |       ||     1
       Chain mail        |       |     3 ||     3
Dodge: Dodged            |     3 |     2 ||     5

Table legend:
 A = Spawn XP
 B = Non-spawn XP
 C = Spawn XP percentage of total XP
 D = Spawn monster count
 E = Non-spawn monster count
 F = Spawn count percentage of total count
 G = Total turns spent on level
                    A         B        C        D         E        F      G
               +---------+---------+-------+---------+---------+-------+---------
         Total |       0 |     369 |   0.0 |       0 |       3 |   0.0 |   275
               +---------+---------+-------+---------+---------+-------+---------
             D |       0 |     369 |   0.0 |       0 |       3 |   0.0 |   275
               +---------+---------+-------+---------+---------+-------+---------
